 Dungeon Crawl Stone Soup version 0.27.1-16-g815e20cd7a (webtiles) character file.

Game seed: 9633971779281925097

711 SmokeWeed the Covert (level 7, -4/46 HPs)
             Began as an Octopode Brigand on Nov 22, 2021.
             Slain by a hornet zombie (11 damage)
             ... on level 5 of the Dungeon.
             The game lasted 00:18:58 (3565 turns).

SmokeWeed the Covert (Octopode Brigand)             Turns: 3565, Time: 00:19:00

Health: -4/46      AC:  1    Str: 13    XL:     7   Next: 68%
Magic:  16/16      EV: 13    Int: 13    God:
Gold:   248        SH:  0    Dex: 13    Spells: 4/6 levels left

rFire    + + .     SeeInvis .   i - +2 falchion (holy)
rCold    x . .     Faith    .   (no shield)
rNeg     . . .     Spirit   .   (helmet restricted)
rPois    .         Reflect  .   q - amulet of regeneration
rElec    .         Harm     .   g - ring of fire
rCorr    .         Rampage  .   j - ring of protection from fire
Will     .....                  n - ring of magical power
Stlth    +++++.....             (no ring)
HPRegen  1.15/turn              (no ring)
MPRegen  0.15/turn              (no ring)
                                (no ring)
                                (no ring)

@: flying
A: almost no armour, amphibious, 8 rings, camouflage 1, gelatinous body 1,
(nimble swimmer 1), tentacles
a: no special abilities


You were on level 5 of the Dungeon.
You visited 1 branch of the dungeon, and saw 5 of its levels.

You collected 248 gold pieces.

Inventory:

Hand Weapons
 a - a +2 dagger
 i - a +2 falchion of holy wrath (weapon)
 l - a +1 short sword of draining
 m - a +0 dagger of protection
Missiles
 b - 26 poisoned darts (quivered)
 c - 2 curare-tipped darts
Jewellery
 g - a ring of fire (left tentacle)
 j - a ring of protection from fire (right tentacle)
 n - a ring of magical power (on tentacle)
 q - an amulet of regeneration (around mantle)
Scrolls
 p - a scroll of identify
 r - a scroll of enchant armour
 s - a scroll of fear {unknown}
Potions
 f - a potion of lignification
 h - a potion of might {unknown}
 k - a potion of invisibility {unknown}
 o - 2 potions of flight
 t - a potion of degeneration {unknown}


   Skills:
 + Level 3.3 Fighting
 + Level 3.4(4.1) Short Blades
 + Level 3.4(4.2) Long Blades
 + Level 3.8 Throwing
 + Level 1.9 Dodging
 + Level 8.6 Stealth


You had 4 spell levels left.
You knew the following spells:

 Your Spells              Type           Power      Damage    Failure   Level
a - Wereblood             Tmut           0%         N/A       43%         2

Your spell library contained the following spells:

 Spells                   Type           Power      Damage    Failure   Level
 Sublimation of Blood     Necr           0%         N/A       43%         2
 Hailstorm                Conj/Ice       0%         3d3       97%         4
 Ice Form                 Ice/Tmut       0%         N/A       97%         4
 Simulacrum               Ice/Necr       0%         N/A       100%        6
 Summon Hydra             Summ           0%         N/A       100%        7


Dungeon Overview and Level Annotations

Branches:
Dungeon (5/15)
 Temple: D:4-7

Altars:
Xom


Innate Abilities, Weirdness & Mutations

You cannot wear most types of armour.
You are amphibious.
You can wear up to eight rings at the same time.
Your skin changes colour to match your surroundings (Stealth+).
Your rubbery body absorbs attacks. (AC +1, EV +1)
((You are camouflaged near water. (Stealth+)))
You have tentacles for arms and can constrict up to eight enemies at once.


Message History

A hornet zombie comes into view.
Found a scroll of noise.
No target in view!
Found a scale mail.
Found a stone staircase leading up.
The hornet zombie hits you!
You hit the hornet zombie but do no damage.
Your grab misses the hornet zombie. The hornet zombie closely misses you.
You closely miss the hornet zombie. You grab the hornet zombie.
You constrict the hornet zombie. The hornet zombie barely misses you.
You riposte.
You hit the hornet zombie but do no damage.
You squeeze the hornet zombie.
The hornet zombie is lightly damaged.
You hit the hornet zombie.
The hornet zombie convulses.
The hornet zombie is moderately damaged.
You constrict the hornet zombie. The hornet zombie misses you.
You riposte.
You hit the hornet zombie.
The hornet zombie convulses.
The hornet zombie is moderately damaged.
The hornet zombie hits you!
You slash the hornet zombie!
The hornet zombie convulses.
You squeeze the hornet zombie.
The hornet zombie is heavily damaged.
You constrict the hornet zombie. The hornet zombie hits you.
You hit the hornet zombie.
The hornet zombie convulses.
You squeeze the hornet zombie, but do no damage.
The hornet zombie is heavily damaged.
You constrict the hornet zombie, but do no damage.
The hornet zombie barely misses you. The hornet zombie hits you!
You release your grip on the hornet zombie.
Okay, then.
It was a potion of flight.
You feel very buoyant.
You fly up into the air.
The hornet zombie barely misses you.
You hit the hornet zombie but do no damage.
You grab the hornet zombie.
The hornet zombie is heavily damaged.
You constrict the hornet zombie. The hornet zombie hits you!
* * * LOW HITPOINT WARNING * * *
The hornet zombie hits you!
You die...

..# ..### ....#####....
...#?..#...# #.....#.#.##
..........# #...
.####....[...# ....
...#(......<.#
...........#.Z### #.....
#.....@..#
#.##.####..#....## #
#......##..#.....# ..
#...#.....##...(##
..##..###..........##
#..##...<...)...)...#
#..........<#.#.)....#
#.........###.#........#
...........#....###.....#


You could see a hornet zombie.

Vanquished Creatures
  Sigmund (D:3)
  A gnoll sergeant (D:4)
  A bullfrog (D:5)
  A scorpion (D:5)
  An orc priest (D:5)
  A hound (D:4)
  A gnoll shaman (D:5)
  An orc wizard (D:5)
  5 gnolls
  10 adders
  An ufetubus (D:4)
  A worm (D:2)
  6 dart slugs
  11 orcs
  8 ball pythons
  13 bats
  7 endoplasms
  5 giant cockroaches
  8 goblins
  7 hobgoblins
  4 jackals
  4 kobolds
  A quokka (D:1)
  4 frilled lizards
  5 rats
108 creatures vanquished.

Vanquished Creatures (others)
  5 toadstools (D:2)
5 creatures vanquished.

Grand Total: 113 creatures vanquished

Notes
Turn   | Place    | Note
-------+----------+-------------------------------------------
     0 | D:1      | SmokeWeed the Octopode Brigand began the quest for the Orb.
     0 | D:1      | Reached XP level 1. HP: 14/14 MP: 1/1
    64 | D:1      | Found a faded altar of an unknown god.
    95 | D:1      | Reached XP level 2. HP: 15/19 MP: 2/2
   225 | D:1      | Reached skill level 6 in Stealth
   396 | D:1      | Reached XP level 3. HP: 24/24 MP: 3/3
   762 | D:2      | Found a shimmering altar of Xom.
  1051 | D:2      | Reached XP level 4. HP: 29/29 MP: 4/4
  1417 | D:3      | Reached skill level 7 in Stealth
  1643 | D:3      | Noticed Sigmund
  1653 | D:3      | Killed Sigmund
  1654 | D:3      | Reached skill level 1 in Long Blades
  1654 | D:3      | Reached XP level 5. HP: 21/35 MP: 5/5
  1654 | D:3      | Reached XP level 6. HP: 25/41 MP: 6/6
  2172 | D:3      | Reached skill level 8 in Stealth
  2775 | D:4      | Learned a level 2 spell: Wereblood
  2841 | D:4      | Reached XP level 7. HP: 28/45 MP: 7/7
  3340 | D:5      | Entered Level 5 of the Dungeon
  3565 | D:5      | Slain by a hornet zombie

Illustrated notes

Levels and vault maps discovered:
D:1:      moated_graveyard_arrival, layout_basic, shapermc_ecumenical_altar_venn
D:2:      layout_rooms, basic_altar, minmay_gold_behind_fungi, minmay_cut_off
D:3:      layout_loops_ring, uniq_sigmund
D:4:      layout_rooms
D:5:      layout_cave_pools, minmay_temple_entry_nine_rooms, skrybe_limestone_x

Skill      XL: |  1  2  3  4  5  6  7 |
---------------+----------------------+-----
Stealth        | 6 7 8 |  8.6
Short Blades   | 3 |  3.4
Long Blades    | 1 2 3 |  3.4
Throwing       | 3 |  3.8
Fighting       | 3 |  3.3
Dodging        | |  1.9

Action                   |  1- 3 |  4- 6 |  7- 9 || total
-------------------------+-------+-------+-------++-------
Melee: Dagger            |    57 |    11 |       ||    68
       Constrict         |    18 |    23 |    16 ||    57
       Tentacles         |     9 |    15 |    18 ||    42
       Falchion          |       |    66 |    46 ||   112
       Short sword       |       |       |    10 ||    10
Throw: Boomerang         |    11 |    28 |       ||    39
       Dart              |       |     7 |     2 ||     9
  Use: Scroll            |     2 |     7 |     1 ||    10
       Potion            |       |       |     2 ||     2
 Stab: Sleeping          |    14 |     7 |     4 ||    25
       Distracted        |       |     1 |       ||     1
Armor: Skin              |     5 |     1 |     3 ||     9
Dodge: Dodged            |    33 |    40 |    39 ||   112
       Rpst.: Falchion   |       |    10 |    11 ||    21
